 Adventure DCSS version bcrawl-1.21.2-28-g2cb1824106 (webtiles) character file.

Game seed: 8497345095377383995

72102 galech the Severer (level 15, 0/120 HPs)
             Began as a Demonspawn Fighter on Feb 25, 2020.
             Was the Champion of Okawaru.
             Slain by a brown ugly thing (11 damage)
             ... summoned by a boggart
             ... on level 1 of the Depths on Mar 10, 2020.
             The game lasted 00:44:44 (25459 turns).

galech the Severer (Demonspawn Fighter)            Turns: 25459, Time: 00:44:44

Health: 0/120      AC: 18    Str: 22    XL:     15   Next: 0%
Magic:  0/17       EV: 11    Int:  7    God:    Okawaru [******]
Gold:   2246       SH: 23    Dex: 25    Spells: 14/14 levels left
                                        Lives:  0   Deaths: 2

rFire    + . .     SeeInvis +   N - +7 broad axe (vamp)
rCold    + . .     Gourm    +   U - +3 large shield of Vexation {*Drain rF+ MR++}
rNeg     . . .     Faith    .   D - +9 plate armour "Bomno" {Slay+3}
rPois    .         Spirit   +   (no helmet)
rElec    +         Reflect  .   S - scarf {stasis}
rCorr    +         Harm     .   (gloves unavailable)
MR       +++..                  r - +0 pair of boots {Stlth++}
Stlth    ++........             T - amulet of the gourmand
HPRegen  2.30/turn              X - ring of resist corrosion
MPRegen  0.15/turn              J - ring of Xom's Whimsicality {rElec rC+ Int-2 Dex+6 SInv}

@: mighty, lethally poisoned (0 -> -1), corroded
A: claws 3, powered by death 2, magic shield, sturdy frame 2
a: Heroism, Finesse, Renounce Religion


You were on level 1 of the Depths.
You worshipped Okawaru.
Okawaru was exalted by your worship.
You were completely stuffed.

You visited 5 branches of the dungeon, and saw 21 of its levels.
You also visited: Sewer, Gauntlet and Ice Cave.

You collected 2246 gold pieces.

Inventory:

Hand Weapons
 b - the +9 long sword "Tanin" {flame, rF+}
   (You took it off a minotaur in a Gauntlet)

   It has been specially enchanted to burn those struck by it, causing extra
   injury to most foes and up to half again as much damage against particularly
   susceptible opponents.
   Big, fiery blades are also staple armaments of hydra-hunters.
   It protects you from fire.
 N - a +7 vampiric broad axe (weapon)
 V - a +4 battleaxe of flaming
Armour
 q - a +2 large shield
 r - a +0 pair of boots of stealth (worn)
 y - the +5 ring mail "Qibbucuunt" {rN+ Str+7 Stlth+}
   (You found it on level 6 of the Dungeon)

   It affects your strength (+7).
   It protects you from negative energy.
   It makes you more stealthy.
 D - the +9 plate armour "Bomno" (worn) {Slay+3}
   (You found it on level 7 of the Dungeon)

   It affects your accuracy and damage with ranged weapons and melee attacks
   (+3).
 L - the +3 leather armour of a Thousand Friends {-Cast rC++ Int+2 Slay+2}
   (You took it off a minotaur in a Gauntlet)

   It affects your intelligence (+2).
   It affects your accuracy and damage with ranged weapons and melee attacks
   (+2).
   It greatly protects you from cold.
   It prevents spellcasting.
 S - a scarf of stasis (worn)
 U - the +3 large shield of Vexation (worn) {*Drain rF+ MR++}
   (You took it off a human on level 12 of the Dungeon)

   It protects you from fire.
   It affects your resistance to hostile enchantments.
   It causes draining when unequipped.
Jewellery
 j - an uncursed ring of protection from cold
 v - an uncursed amulet of regeneration
 x - a +2 ring of strength
 B - an uncursed ring of protection from cold
 J - the ring of Xom's Whimsicality (right claw) {rElec rC+ Int-2 Dex+6 SInv}
   (You found it in a Gauntlet)

   [ring of protection from cold]

   It affects your intelligence (-2).
   It affects your dexterity (+6).
   It protects you from cold.
   It insulates you from electricity.
   It lets you see invisible.
 K - the ring "Pewuuk" {rPois Int+3 Dex-2}
   (You found it in a Gauntlet)

   [ring of dexterity]

   It affects your intelligence (+3).
   It affects your dexterity (-2).
   It protects you from poison.
 T - an amulet of the gourmand (around neck)
 X - a ring of resist corrosion (left claw)
Wands
 I - a wand of digging (5)
Scrolls
 a - 2 scrolls of immolation
 c - 8 scrolls of teleportation
 f - 5 scrolls of fear
 g - 5 scrolls of magic mapping
 k - 10 scrolls of remove curse
 t - 7 scrolls of enchant armour
 z - a scroll of fog {unknown}
 A - 3 scrolls of blinking
 C - a scroll of vulnerability {unknown}
 F - 2 scrolls of identify
 G - 3 scrolls of acquirement
 M - 4 scrolls of amnesia
 R - a scroll of noise
Potions
 d - 5 potions of might
 h - 11 potions of agility {unknown}
 i - 10 potions of brilliance {unknown}
 m - a potion of cancellation
 n - 8 potions of curing
 o - a potion of lignification {unknown}
 p - 2 potions of ambrosia
 s - 4 potions of flight
 u - 2 potions of haste
 w - a potion of berserk rage {unknown}
 H - 3 potions of magic {unknown}
 O - a potion of resistance
 Q - 5 potions of mutation
Comestibles
 e - 50 rations {!d}
 E - 2 chunks of flesh


   Skills:
 + Level 11.9 Fighting
 + Level 0.5 Long Blades
 + Level 15.2 Axes
 + Level 9.7 Armour
 + Level 5.9 Dodging
 + Level 2.4 Stealth
 + Level 13.3 Shields
 + Level 3.0 Invocations


You had 14 spell levels left.
You didn't know any spells.
Your spell library contained the following spells:

 Spells                   Type           Power        Failure   Level  Hunger
 Apportation              Tloc           #.....       100%        1    ##.....
 Beastly Appendage        Tmut           #.....       100%        1    ##.....
 Blink Other              Tloc           #.....       100%        1    ##.....
 Freeze                   Ice            #.....       100%        1    ##.....
 Infusion                 Chrm           #.......     100%        1    ##.....
 Sandblast                Erth           #.....       100%        1    ##.....
 Shock                    Conj/Air       #....        100%        1    ##.....
 Passwall                 Tmut/Erth      #.......     100%        2    ###....
 Poisonous Vapours        Pois/Air       #.....       100%        2    ###....
 Song of Slaying          Chrm           #.......     100%        2    ###....
 Swiftness                Chrm/Air       #.......     100%        2    ###....
 Conjure Flame            Conj/Fire      #.......     100%        3    ####...
 Mephitic Cloud           Conj/Pois/Air  #.......     100%        3    ####...
 Ozocubu's Armour         Chrm/Ice       #.......     100%        3    ####...
 Regeneration             Chrm/Necr      #.........   100%        3    ####...
 Spectral Weapon          Hex/Chrm       #.......     100%        3    ####...
 Static Discharge         Air            #.......     100%        3    ####...
 Airstrike                Air            #.........   100%        4    #####..
 Petrify                  Tmut/Erth      #.......     100%        4    #####..
 Iskenderun's Battlesphe  Conj/Chrm      #.......     100%        5    ######.
 Lightning Bolt           Conj/Air       #.........   100%        5    ######.
 Piercing Shot            Chrm           #.........   100%        5    ######.
 Silence                  Hex/Air        #.........   100%        5    ######.
 Deflect Missiles         Chrm/Air       #.........   100%        6    #######
 Freezing Cloud           Ice/Air        #.........   100%        6    #######
 Infestation              Hex/Tmut/Pois  #........    100%        6    #######
 Steam Barrier            Chrm/Fire      #.........   100%        6    #######
 Discord                  Hex            #.........   100%        8    #######
 Tornado                  Air            #.........   100%        9    #######


Dungeon Overview and Level Annotations

Branches:
Dungeon (12/12)            Temple (1/1) D:4            Lair (6/6) D:8
 Shoals (0/3) Lair:4       Spider (0/3) Lair:3        Slime (0/5) Lair:6
    Orc (1/1) D:11            Elf (0/3) Orc          Vaults (0/3) D:12
 Depths (1/5) D:12

Altars:
Ashenzari
Cheibriados
Dithmenos
Elyvilon
Fedhas
Gozag
Hepliaklqana
Kikubaaqudgha
Lugonu
Makhleb
Nemelex Xobeh
Okawaru
Qazlal
Ru
Sif Muna
Trog
Uskayaw
Vehumet
Wu Jian
Xom
Yredelemnul
Zin
The Shining One
Beogh
Jiyva

Shops:
D:5 =   D:10 (   D:12 [   Orc :[!?:

Annotations:
D:6 exclusion: statue


Innate Abilities, Weirdness & Mutations

You have claws for hands.
You regenerate health from kills.
When hurt, damage is shared between your health and your magic reserves.
Your movements are less encumbered by armour. (ER -4)


Message History

* * * LOW HITPOINT WARNING * * *
The acid corrodes you!
You are splashed with acid.
You resist.
* * * LOW HITPOINT WARNING * * *
You hit the deep troll.
The deep troll is severely wounded.
You slash the frost giant! You barely miss the brown ugly thing.
You hit the green ugly thing.
You hit the deep troll earth mage but do no damage.
You hit the deep troll earth mage.
You feel sick. The deep troll bites you!
* * * LOW HITPOINT WARNING * * *
You block the deep troll's attack.
The deep troll claws you but does no damage.
The deep troll earth mage bites you but does no damage.
You block the deep troll earth mage's attack.
The deep troll earth mage claws you but does no damage.
You block the deep troll earth mage's attack.
The deep troll earth mage barely misses you.
You block the deep troll earth mage's attack.
The brown ugly thing trunk-slaps you!
You die...

.. #.#. #......
...##...# ..#.#.#
....#.#.. ......
........##..#.# .
#.....$.............
..........#J..#...#
.........uTCg......
.......uuuTDJ.....#
.......#@TRu......
....##CTu....#.#
.#.##.cg.#......
#####<.......?#.#.#
#......##...###..)#
#####...##.... .##
#....###... #
###....###.# ##...#
#


You could see 2 frost giants, a fire dragon, a yaktaur captain, a deep troll, 6
ugly things, a rakshasa, 2 slime creatures, 2 deep troll earth magi, a deep
troll shaman and 2 boggarts.

Vanquished Creatures
  A stone giant (Depths:1)
  3 very ugly things (Depths:1)
  2 entropy weavers (Lair:6)
  A dire elephant (Lair:6)
  A minotaur (Gauntlet)
  Snorg (D:12)
  A yaktaur captain (D:12)
  An ettin (Orc)
  3 hydras
  4 vault guards (D:12)
  5 centaur warriors
  2 catoblepae
  A queen ant (Lair:6)
  A two-headed ogre (D:9)
  A death yak (Lair:4)
  An orc high priest (Orc)
  Urug (D:10)
  Sonja (D:10)
  A wretched star (Gauntlet)
  An unseen horror (D:11)
  A fire crab (Lair:6)
  2 lindwurms (Lair:6)
  2 cyclopes
  2 orc knights
  A wolf spider (D:12)
  4 manticores
  2 ugly things
  An oklob plant (Lair:6)
  An orc sorcerer (Orc)
  A deep elf mage (D:10)
  2 merfolk sirens (Lair:4)
  6 black mambas
  2 ice statues (IceCv)
  2 guardian serpents (shapeshifter) (D:10)
  Joseph (D:7)
  11 elephants
  A minotaur zombie (Gauntlet)
  A gargoyle (Gauntlet)
  5 komodo dragons
  14 cane toads
  3 rime drakes
  4 centaur skeletons
  2 yaktaurs
  A yaktaur (shapeshifter) (Gauntlet)
  13 ice devils
  A queen bee (Lair:3)
  A harpy zombie (D:8)
  2 merfolk (Lair:4)
  6 meliai
  A polar bear (Lair:4)
  A troll (Orc)
  A jumping spider (Lair:3)
  8 slime creatures
  21 blink frogs
  Prince Ribbit (D:7)
  12 hippogriffs
  A vampire (D:9)
  A redback (Lair:3)
  A wraith (D:12)
  8 humans (D:12)
  A spriggan (D:7)
  5 wyverns
  A wyvern (shapeshifter) (Gauntlet)
  36 yaks
  4 basilisks
  2 vampire mosquitoes (D:12)
  A neqoxec (Gauntlet)
  2 steam dragons (D:10)
  2 insubstantial wisps (D:10)
  2 wargs
  5 soldier ants
  4 crocodiles
  14 water moccasins
  32 orc warriors
  8 porcupines
  8 sky beasts
  2 ice beasts
  3 black bears
  9 wolves
  8 ogres
  A boggart (Depths:1)
  22 centaurs
  9 bullfrogs
  5 big kobolds
  3 scorpions
  A wyvern skeleton (D:7)
  30 killer bees
  13 wights
  The ghost of xvegetable the Sneak, a weakling HuRg (D:3)
  A howler monkey (D:7)
  8 electric eels
  6 crimson imps
  A bullfrog zombie (D:5)
  A jelly (D:10)
  2 centaur zombies (D:8)
  11 orc priests
  A bullfrog skeleton (D:5)
  A gnoll shaman (D:8)
  4 hounds
  11 orc wizards
  Jessica (D:2)
  An iguana (D:6)
  12 worker ants
  A killer bee zombie (D:9)
  A hound skeleton (D:7)
  2 worker ant zombies
  12 gnolls
  17 adders
  7 river rats (Sewer)
  2 shadow imps (D:7)
  6 white imps (IceCv)
  10 ufetubi (IceCv)
  5 oozes
  5 worms
  A dart slug (D:3)
  6 leopard geckos
  76 orcs
  6 ball pythons
  3 bats
  A giant cockroach (D:4)
  10 goblins
  10 hobgoblins
  17 jackals
  25 kobolds
  6 quokkas
  4 frilled lizards
  24 rats
  3 bushes (D:12)
  3 fungi
  5 plants
747 creatures vanquished.

Vanquished Creatures (others)
  A reaper (IceCv)
  A centaur (D:10)
  2 white imps (IceCv)
  An ufetubus (IceCv)
  An orc (D:10)
  6 fungi
  6 plants
18 creatures vanquished.

Grand Total: 765 creatures vanquished

Notes
Turn   | Place    | Note
-------+----------+-------------------------------------------
     0 | D:1      | galech the Demonspawn Fighter began the quest for the Orb.
     0 | D:1      | Reached XP level 1. HP: 18/18 MP: 1/1
   342 | D:1      | Gained mutation: Your movements are slightly less
                  | encumbered by armour. (ER -2) [demonic ancestry]
   342 | D:1      | Reached XP level 2. HP: 24/24 MP: 2/2
   739 | D:1      | Gained mutation: Your movements are less encumbered by
                  | armour. (ER -4) [demonic ancestry]
   739 | D:1      | Reached XP level 3. HP: 29/29 MP: 3/3
  1076 | D:2      | Found a shadowy altar of Dithmenos.
  1157 | D:2      | Reached skill level 2 in Axes
  1360 | D:2      | Reached XP level 4. HP: 35/35 MP: 4/4
  1574 | D:2      | Noticed Jessica
  1581 | D:2      | Killed Jessica
  1690 | D:2      | Gained mutation: You have sharp fingernails. [demonic
                  | ancestry]
  1690 | D:2      | Reached XP level 5. HP: 42/42 MP: 5/5
  2039 | D:3      | Reached skill level 3 in Axes
  2320 | D:3      | Found a runed translucent gate.
  2320 | D:3      | Found a runed translucent gate.
  2321 | D:3      | Noticed xvegetable's ghost (weakling HuRg)
  2324 | D:3      | Found a runed translucent gate.
  3243 | D:3      | Found a sacrificial altar of Ru.
  3287 | D:4      | Found a shattered altar of Ashenzari.
  3337 | D:4      | Gained mutation: You have very sharp fingernails. [demonic
                  | ancestry]
  3337 | D:4      | Reached XP level 6. HP: 48/48 MP: 6/6
  3677 | D:4      | Reached skill level 1 in Dodging
  3691 | D:4      | Found a staircase to the Ecumenical Temple.
  3714 | D:4      | Reached skill level 4 in Axes
  3730 | Temple   | Entered the Ecumenical Temple
  3918 | Temple   | Became a worshipper of Warmaster Okawaru
  4563 | D:4      | Found a stormy altar of Qazlal.
  4569 | D:4      | Noticed a fire elemental
  4577 | D:4      | Noticed an air elemental
  4583 | D:4      | Noticed a water elemental
  4592 | D:5      | Entered Level 5 of the Dungeon
  4612 | D:5      | Gained mutation: You regenerate a little health from kills.
                  | [demonic ancestry]
  4612 | D:5      | Reached XP level 7. HP: 32/54 MP: 7/7
  4818 | D:5      | Found a snail-covered altar of Cheibriados.
  5043 | D:5      | Found a glowing drain.
  5063 | D:5      | Reached skill level 5 in Axes
  5072 | Sewer    | Entered a sewer
  5172 | Sewer    | Reached * piety under Okawaru
  5606 | D:5      | Reached XP level 8. HP: 43/61 MP: 8/8
  6162 | D:5      | Reached skill level 5 in Shields
  6207 | D:5      | Reached skill level 6 in Axes
  6318 | D:5      | Found a corrupted altar of Lugonu.
  6436 | D:5      | Found Evirum's Jewellery Shop.
  6760 | D:6      | Reached skill level 5 in Fighting
  6760 | D:6      | Reached skill level 1 in Stealth
  6817 | D:6      | Got an amethyst-encrusted ring mail
  7165 | D:6      | Found a radiant altar of Vehumet.
  7376 | D:7      | Noticed a hippogriff
  7399 | D:7      | Killed a hippogriff
  7399 | D:7      | Reached ** piety under Okawaru
  7421 | D:7      | Noticed Prince Ribbit
  7425 | D:7      | Gained mutation: When hurt, damage is shared between your
                  | health and your magic reserves. [demonic ancestry]
  7425 | D:7      | Reached XP level 9. HP: 59/68 MP: 9/9
  7559 | D:7      | Killed Prince Ribbit
  7569 | D:7      | Reached skill level 7 in Axes
  7991 | D:7      | Found an opulent altar of Gozag.
  8025 | D:7      | Noticed Joseph
  8052 | D:7      | Killed Joseph
  8060 | D:7      | Got a brightly glowing plate armour
  8071 | D:7      | Identified the +9 plate armour "Bomno" {Slay+3} (You found
                  | it on level 7 of the Dungeon)
  8081 | D:7      | Identified the +5 ring mail "Qibbucuunt" {rN+ Str+7 Stlth+}
                  | (You found it on level 6 of the Dungeon)
  8265 | D:7      | Reached *** piety under Okawaru
  8265 | D:7      | Reached skill level 5 in Armour
  8842 | D:3      | Killed xvegetable's ghost
  8957 | D:8      | Reached skill level 8 in Axes
  9065 | D:8      | Found a shimmering blue altar of Sif Muna.
  9071 | D:8      | Found a staircase to the Lair.
  9072 | D:8      | Found a glowing golden altar of the Shining One.
  9206 | D:8      | Reached XP level 10. HP: 77/77 MP: 10/10
  9491 | D:8      | Found a bloodstained altar of Trog.
  9565 | D:8      | Reached **** piety under Okawaru
  9755 | D:9      | Noticed a two-headed ogre
  9770 | D:9      | Killed a two-headed ogre
  9770 | D:9      | Reached skill level 9 in Axes
 10127 | D:9      | Found a roughly hewn altar of Beogh.
 10391 | D:9      | Found a stormy altar of Qazlal.
 10403 | D:9      | Reached ***** piety under Okawaru
 10437 | D:9      | Found a shattered altar of Ashenzari.
 10685 | D:9      | Found a burning altar of Makhleb.
 10736 | D:10     | Entered Level 10 of the Dungeon
 10792 | D:10     | HP: 3/79 [steam dragon/ball of steam (10)]
 11106 | D:10     | Mangled by a large slime creature
 11107 | D:10     | Reached XP level 9. HP: -13/72 MP: 0/9
 11120 | D:10     | Reached skill level 10 in Axes
 11120 | D:10     | Reached XP level 10. HP: 79/79 MP: 10/10
 11159 | D:10     | Noticed a manticore
 11178 | D:10     | Killed a manticore
 11303 | D:10     | Received a gift from Okawaru
 11306 | D:10     | Got a brightly glowing ring mail {god gift}
 11317 | D:10     | Identified the +0 ring mail of Roily {Stlth+} (Okawaru
                  | gifted it to you on level 10 of the Dungeon)
 11568 | D:10     | Noticed a guardian serpent
 11581 | D:10     | Killed a guardian serpent
 11717 | D:10     | Found Zunont's Antique Weapon Emporium.
 11967 | D:11     | Noticed a brown ugly thing
 11967 | D:11     | Noticed a guardian serpent
 11968 | D:11     | Noticed a centaur warrior
 11995 | D:10     | Killed a guardian serpent
 12010 | D:10     | Killed a brown ugly thing
 12010 | D:10     | Reached skill level 1 in Invocations
 12054 | D:11     | Noticed Sonja
 12226 | D:11     | Gained mutation: You regenerate health from kills. [demonic
                  | ancestry]
 12226 | D:11     | Reached XP level 11. HP: 72/87 MP: 7/11
 12244 | D:10     | Killed a centaur warrior
 12394 | D:11     | Noticed a deep elf mage
 12527 | D:10     | Killed a deep elf mage
 12889 | D:10     | Killed Sonja
 12944 | D:11     | Noticed Urug
 12952 | D:11     | Noticed a cyclops
 13131 | D:10     | Killed Urug
 13154 | D:11     | Found a staircase to the Orcish Mines.
 13160 | D:11     | Noticed a centaur warrior
 13170 | D:11     | Received a gift from Okawaru
 13186 | D:11     | Killed a centaur warrior
 13186 | D:11     | Reached skill level 11 in Axes
 13200 | D:11     | Killed a cyclops
 13243 | D:11     | Killed an unseen horror
 13293 | D:11     | Noticed a centaur warrior
 13307 | D:11     | Killed a centaur warrior
 13315 | D:11     | Received a gift from Okawaru
 13315 | D:11     | Reached skill level 10 in Shields
 13608 | Orc      | Entered the Orcish Mines
 13608 | Orc      | Found Leyrruw's Book Shop.
 13608 | Orc      | Found a staircase to the Elven Halls.
 13617 | Orc      | Noticed a cyclops
 13639 | Orc      | Killed a cyclops
 13661 | Orc      | Noticed an orc sorcerer
 13677 | Orc      | Killed an orc sorcerer
 13677 | Orc      | Reached XP level 12. HP: 94/95 MP: 10/13
 13747 | Orc      | Noticed an ettin
 13773 | Orc      | Killed an ettin
 13827 | Orc      | Noticed an orc high priest
 13857 | Orc      | Killed an orc high priest
 14026 | Orc      | Noticed a centaur warrior
 14035 | Orc      | Killed a centaur warrior
 14035 | Orc      | Reached ****** piety under Okawaru
 14035 | Orc      | Reached skill level 12 in Axes
 14126 | Orc      | Received a gift from Okawaru
 14447 | Orc      | Found Edidanyf's Magic Scroll Emporium.
 14447 | Orc      | Found Tum Xuhy's Distillery.
 14449 | Orc      | Found Vosipaw's Armour Shop.
 14451 | Orc      | Found Falypt's Book Shoppe.
 14659 | D:12     | Entered Level 12 of the Dungeon
 14919 | D:12     | Noticed a centaur warrior
 14924 | D:12     | Noticed a yaktaur captain
 14935 | D:12     | Noticed Snorg
 14950 | D:12     | Killed a centaur warrior
 14955 | D:12     | Killed Snorg
 14955 | D:12     | Received a gift from Okawaru
 14957 | D:12     | Killed a yaktaur captain
 14957 | D:12     | Reached XP level 13. HP: 73/103 MP: 6/14
 15053 | D:12     | Found a staircase to the Depths.
 15145 | D:12     | Mangled by a vault guard
 15146 | D:12     | Reached XP level 12. HP: -6/97 MP: 0/13
 15239 | D:12     | Got a steaming flail
 15254 | D:12     | Found Dughiyrooc's Antique Armour Shoppe.
 15412 | D:12     | Identified the +3 large shield of Vexation {*Drain rF+
                  | MR++}
 15471 | D:12     | Noticed a vault guard
 15500 | D:12     | Killed a vault guard
 15500 | D:12     | Reached skill level 10 in Fighting
 15512 | D:12     | Killed a vault guard
 15627 | D:12     | Found a gate to the Vaults.
 15700 | D:12     | Killed a vault guard
 15700 | D:12     | Reached skill level 5 in Dodging
 15997 | Lair:1   | Entered Level 1 of the Lair of Beasts
 16340 | Lair:1   | Got a dazzling leather armour
 16677 | Lair:1   | Identified 3 scrolls of acquirement
 17186 | Lair:2   | Received a gift from Okawaru
 17191 | Lair:2   | Reached skill level 13 in Axes
 17681 | Lair:2   | Got a smoking mace
 17764 | Lair:3   | Reached XP level 13. HP: 104/104 MP: 12/15
 18092 | Lair:3   | Found a hole to the Spider Nest.
 18259 | Lair:3   | Got a faintly glowing spear
 18863 | Lair:4   | Found a frozen archway.
 18878 | Lair:4   | Received a gift from Okawaru
 18888 | IceCv    | Entered an ice cave
 19127 | IceCv    | Upgraded the game from bcrawl-1.21.2-20-g6d45ba5942 to
                  | bcrawl-1.21.2-28-g2cb1824106
 19399 | IceCv    | Noticed a reaper
 19433 | IceCv    | Killed a reaper
 19606 | IceCv    | Identified the Grimoire of Air and Transformation
 19961 | Lair:4   | Found a staircase to the Shoals.
 20161 | Lair:4   | Reached skill level 14 in Axes
 20273 | Lair:4   | Received a gift from Okawaru
 21210 | Lair:5   | Gained mutation: You have claws for hands. [demonic
                  | ancestry]
 21210 | Lair:5   | Reached XP level 14. HP: 113/113 MP: 16/16
 22092 | Lair:6   | Entered Level 6 of the Lair of Beasts
 22102 | Lair:6   | Found a staircase to the Slime Pits.
 22102 | Lair:6   | Found a viscous altar of Jiyva.
 22230 | Lair:6   | HP: 5/113 [black mamba (8)]
 22231 | Lair:6   | HP: 2/113 [poisoned by a black mamba]
 22332 | Lair:6   | Found a gate leading to a gauntlet.
 22341 | Gauntlet | Entered a Gauntlet
 22341 | Gauntlet | Found a transporter.
 22341 | Gauntlet | Found a transporter.
 22584 | Gauntlet | Found a transporter.
 22585 | Gauntlet | Found a transporter.
 22588 | Gauntlet | Found a transporter.
 22588 | Gauntlet | Found a transporter.
 22599 | Gauntlet | Found a transporter.
 22599 | Gauntlet | Found a transporter.
 22602 | Gauntlet | Found a transporter.
 22603 | Gauntlet | Found a transporter.
 22613 | Gauntlet | Found a transporter.
 22617 | Gauntlet | Found a transporter.
 22839 | Gauntlet | Got a warped platinum ring
 22844 | Gauntlet | Identified the ring of Xom's Whimsicality {rElec rC+ Int-2
                  | Dex+6 SInv} (You found it in a Gauntlet)
 22874 | Gauntlet | Got a scintillating golden ring
 22880 | Gauntlet | Got a shimmering broad axe
 22883 | Gauntlet | Identified the cursed ring "Pewuuk" {rPois Int+3 Dex-2}
                  | (You found it in a Gauntlet)
 22889 | Gauntlet | Identified the +1 broad axe "Ojieri" {chop, Str-5 Int+2
                  | Dex+4} (You found it in a Gauntlet)
 22901 | Gauntlet | Identified the cursed +0 leather armour "Veckes" {MR+ Str+3
                  | Int-2} (You found it on level 1 of the Lair of Beasts)
 23127 | Gauntlet | Identified the +9 long sword "Tanin" {flame, rF+}
 23127 | Gauntlet | Identified the +3 leather armour of a Thousand Friends
                  | {-Cast rC++ Int+2 Slay+2}
 23660 | Lair:6   | Noticed an entropy weaver
 23661 | Lair:6   | Noticed an entropy weaver
 23675 | Lair:6   | Killed an entropy weaver
 24082 | Lair:6   | Killed an entropy weaver
 24082 | Lair:6   | Received a gift from Okawaru
 24456 | Lair:6   | Reached skill level 15 in Axes
 24474 | Lair:6   | Identified An Introduction to Spellcraft
 25346 | Depths:1 | Entered Level 1 of the Depths
 25346 | Depths:1 | Noticed a stone giant
 25347 | Depths:1 | Noticed a green very ugly thing
 25361 | Depths:1 | Killed a stone giant
 25407 | Depths:1 | Noticed a green very ugly thing
 25408 | Depths:1 | Noticed a green very ugly thing
 25413 | Depths:1 | Noticed a frost giant
 25421 | Depths:1 | Killed a brown very ugly thing
 25421 | Depths:1 | Received a gift from Okawaru
 25429 | Depths:1 | Killed a green very ugly thing
 25429 | Depths:1 | Noticed a frost giant
 25435 | Depths:1 | Killed a green very ugly thing
 25445 | Depths:1 | Reached XP level 15. HP: 94/120 MP: 2/17
 25450 | Depths:1 | HP: 6/120 [frost giant/+0 battleaxe of freezing (2)]
 25451 | Depths:1 | HP: 1/120 [deep troll earth mage[a boggart] (3)]
 25459 | Depths:1 | Slain by a brown ugly thing

Skill      XL: |  1  2  3  4  5  6  7  8  9 10 11 12 13 14 |
---------------+-------------------------------------------+-----
Armour         | 3 4 5 6 7 8 9 |  9.7
Shields        | 3 4 5 6 8 10 12 13 | 13.3
Axes           | 2 3 4 5 6 10 9 11 13 14 15 | 15.2
Fighting       | 4 5 6 8 9 10 11 | 11.9
Dodging        | 1 2 3 4 5 |  5.9
Stealth        | 1 2 |  2.4
Invocations    | 1 2 3 |  3.0
Long Blades    | |  0.5

Action                   |  1- 3 |  4- 6 |  7- 9 | 10-12 | 13-15 || total
-------------------------+-------+-------+-------+-------+-------++-------
Melee: War axe           |   132 |   238 |   490 |   117 |       ||   977
       Hand axe          |       |       |     6 |  1022 |    47 ||  1075
       Broad axe         |       |       |       |    63 |   813 ||   876
       Battleaxe         |       |       |       |       |    70 ||    70
       Long sword        |       |       |       |       |     5 ||     5
Invok: Heroism           |       |       |     3 |    21 |     9 ||    33
       Finesse           |       |       |       |       |     1 ||     1
Evoke: Wand              |       |       |       |       |     1 ||     1
  Use: Scroll            |       |     7 |       |    12 |     8 ||    27
       Potion            |       |       |       |     3 |     9 ||    12
 Stab: Sleeping          |       |       |       |       |     3 ||     3
  Eat: Chunk             |     2 |     9 |    17 |    27 |    52 ||   107
       Ration            |       |       |       |     1 |     5 ||     6
Armor: Scale mail        |    71 |    85 |   122 |       |       ||   278
       Plate armour      |       |       |    44 |   505 |   452 ||  1001
Dodge: Dodged            |    42 |    79 |   149 |   234 |   280 ||   784
Block: Medium shield     |    67 |   114 |    37 |       |       ||   218
       Large shield      |       |       |   455 |  1162 |   953 ||  2570
